 Dungeon Crawl Stone Soup version 0.23.0 (webtiles) character file.

Game seed: 14019579846917166464

3759 teukkam the Protected (level 9, -4/83 HPs)
             Began as a Minotaur Fighter on Feb 14, 2019.
             Was a Priest of Wu Jian.
             Slain by a two-headed ogre
             ... wielding a +0 giant spiked club
              (10 damage)
             ... on level 9 of the Dungeon.
             The game lasted 00:34:31 (7947 turns).

teukkam the Protected (Minotaur Fighter)            Turns: 7947, Time: 00:34:32

Health: -4/83      AC:  8    Str: 24    XL:     9   Next: 94%
Magic:  27/27      EV: 11    Int:  5    God:    Wu Jian [***...]
Gold:   623        SH:  4    Dex:  9    Spells: 7/8 levels left

rFire    + . .     SeeInvis .   a - +0 quarterstaff of Tunet {elec, rPois MP+9 Dex-3}
rCold    . . .     Gourm    .   (shield currently unavailable)
rNeg     . . .     Faith    .   W - +2 robe {rF+}
rPois    +         Spirit   .   (helmet restricted)
rElec    .         Reflect  +   (no cloak)
rCorr    .         Harm     .   I - +0 pair of gloves
MR       .....                  w - +0 pair of boots
Stlth    +.........             V - +4 amulet of reflection
HPRegen  0.23/turn              v - ring of magical power
MPRegen  0.20/turn              p - +2 ring of dexterity

@: very slightly contaminated
A: retaliatory headbutt, horns 2, blink, shaggy fur 1, MP-powered wands
a: Blink, Wall Jump, Serpent's Lash, Renounce Religion


You were on level 9 of the Dungeon.
You worshipped Wu Jian.
Wu Jian was most pleased with you.
You were not hungry.

You visited 2 branches of the dungeon, and saw 10 of its levels.
You also visited: Sewer.

You collected 623 gold pieces.

Inventory:

Hand Weapons
 a - the +0 quarterstaff of Tunet (weapon) {elec, rPois MP+9 Dex-3}
   (You found it on level 8 of the Dungeon)

   Occasionally, upon striking a foe, it will discharge some electrical energy
   and cause terrible harm.
   It affects your dexterity (-3).
   It protects you from poison.
   It affects your magic capacity (+9).
 c - a +3 short sword of flaming
 m - a +2 dagger of venom
 x - a +0 quarterstaff of crushing
 R - a +0 shortbow
 X - a +2 halberd of venom
Missiles
 j - 286 stones
 l - 14 poisoned needles
 o - a throwing net
 D - 66 bolts
 J - 12 tomahawks
 N - 136 arrows
 S - 71 sling bullets
 U - 3 silver tomahawks (quivered)
Armour
 u - a +1 chain mail
 w - a +0 pair of boots (worn)
 I - a +0 pair of gloves (worn)
 O - a +1 shield
 W - a +2 robe of fire resistance (worn)
Magical Staves
 C - an uncursed staff of poison
Jewellery
 g - the ring "Rif Gewe" {Ice rElec rN++ Str-2 Int-5}
   (You found it on level 9 of the Dungeon)

   [ring of ice]

   It enhances your ice magic.
   It affects your strength (-2).
   It affects your intelligence (-5).
   It makes you vulnerable to fire.
   It protects you from cold.
   It insulates you from electricity.
   It greatly protects you from negative energy.
 p - a +2 ring of dexterity (right hand)
 v - a ring of magical power (left hand)
 G - an uncursed amulet of rage
 P - an uncursed ring of resist corrosion
 V - a +4 amulet of reflection (around neck)
Wands
 y - a wand of flame (9)
 T - a wand of iceblast (11)
 Y - a wand of scattershot (6)
Scrolls
 b - 5 scrolls of magic mapping {unknown}
 d - 6 scrolls of identify
 e - 3 scrolls of teleportation
 k - 6 scrolls of remove curse
 z - 2 scrolls of enchant weapon
 A - 2 scrolls of fog {unknown}
 H - 3 scrolls of fear {unknown}
 K - 2 scrolls of blinking {unknown}
 L - a scroll of immolation
 Q - a scroll of vulnerability {unknown}
Potions
 i - a potion of mutation
 n - 3 potions of haste {unknown}
 q - a potion of lignification {unknown}
 r - a potion of agility {unknown}
 s - a potion of brilliance {unknown}
 t - 2 potions of might
 B - a potion of cancellation {unknown}
 E - 2 potions of berserk rage {unknown}
 F - 2 potions of resistance {unknown}
 M - 3 potions of heal wounds {unknown}
Comestibles
 f - 6 rations
 Z - 2 chunks of flesh


   Skills:
 - Level 9.0 Fighting
 - Level 7.0 Short Blades
   Level 2.7(2.9) Axes
 - Level 1.3(2.5) Polearms
 + Level 1.7(2.0) Staves
 - Level 9.0 Armour
 - Level 9.0 Shields
 + Level 1.7 Poison Magic
 + Level 2.1 Evocations


You had 7 spell levels left.
You knew the following spells:

 Your Spells              Type           Power        Failure   Level  Hunger
a - Sting                 Conj/Pois      #...         36%         1    ##.....

Your spell library contained the following spells:

 Spells                   Type           Power        Failure   Level  Hunger
 Corona                   Hex            #......      47%         1    ##.....
 Sandblast                Erth           #.....       47%         1    ##.....
 Poisonous Vapours        Pois/Air       #.....       50%         2    ###....
 Ensorcelled Hibernation  Hex/Ice        #.....       63%         2    ###....
 Passwall                 Tmut/Erth      #.......     63%         2    ###....
 Mephitic Cloud           Conj/Pois/Air  #.......     78%         3    ####...
 Confuse                  Hex            #.......     85%         3    ####...
 Dazzling Spray           Conj/Hex       #.....       85%         3    ####...
 Stone Arrow              Conj/Erth      #.....       85%         3    ####...
 Tukima's Dance           Hex            #.......     85%         3    ####...
 Olgreb's Toxic Radiance  Pois           #.......     95%         4    #####..
 Petrify                  Tmut/Erth      #.......     99%         4    #####..
 Lee's Rapid Deconstruct  Erth           #.........   100%        5    ######.
 Venom Bolt               Conj/Pois      #.........   100%        5    ######.


Dungeon Overview and Level Annotations

Branches:
Dungeon (9/15)             Temple (1/1) D:5
   Lair: D:8-11         Orc: D:9-12

Altars:
Cheibriados
Elyvilon
Gozag
Hepliaklqana
Kikubaaqudgha
Nemelex Xobeh
Okawaru
Qazlal
Ru
Sif Muna
Trog
Uskayaw
Wu Jian
Zin

Shops:
D:5 *


Innate Abilities, Weirdness & Mutations

You reflexively headbutt those who attack you in melee.
You have a pair of horns on your head.
You can translocate small distances at will.
You are covered in fur. (AC +1)
You expend magic power (3 MP) to strengthen your wands.


Message History

You attack the killer bee from above.
You hit the killer bee.
The killer bee is moderately wounded.
You repeatedly attack the two-headed ogre from above.
You hit the two-headed ogre.
The two-headed ogre is heavily wounded.
You hit the two-headed ogre.
The two-headed ogre is heavily wounded.
The killer bee stings you. The killer bee closely misses you.
The killer bee barely misses you. The killer bee stings you. x2
The killer bee barely misses you. x2
The two-headed ogre hits you with a +0 giant spiked club!!
The two-headed ogre hits you with a +0 giant club!
The killer bee closely misses you. x2; You furiously retaliate!
You headbutt the killer bee, but do no damage.
The killer bee stings you.
* * * LOW HITPOINT WARNING * * *
The two-headed ogre hits you with a +0 giant spiked club!
* * * LOW HITPOINT WARNING * * *
The two-headed ogre hits you with a +0 giant club!
You die...

#+# #.# #.# ##+#######
####.### ##........# .......#
##.+........#
.......####..#.yO○....###
............##yy@○....'.#
.......####....y○°....#......
.......# #..)........# ###..
####.### #.._........# #..#
#.....##+#### ##..# #.......
#.# #######+#


You could see a two-headed ogre and 4 killer bees.

Vanquished Creatures
  Grinder (D:6)
  Sigmund (D:5)
  Duvessa (D:4)
  A water moccasin (D:7)
  An orc warrior (D:7)
  3 ice beasts
  A sky beast (D:8)
  A necrophage (D:8)
  3 ogres
  2 centaurs
  A big kobold (D:8)
  A crocodile (Sewer)
  A bullfrog (D:9)
  2 scorpions
  Dowan (D:4)
  A killer bee (D:9)
  A vampire bat (D:3)
  3 howler monkeys (D:9)
  2 crimson imps
  2 hounds
  10 orc wizards
  3 orc priests
  2 jellies
  2 centaur skeletons
  5 worker ants
  Terence (D:2)
  A hound skeleton (D:5)
  4 gnolls
  11 adders
  An ooze (D:3)
  3 adder skeletons
  4 worms
  A dart slug (D:4)
  8 leopard geckos
  34 orcs
  4 bat skeletons (D:3)
  2 bat zombies (D:3)
  6 giant cockroaches
  8 goblins
  7 hobgoblins
  15 jackals
  14 kobolds
  5 quokkas
  3 ball pythons
  4 bats
  4 frilled lizards
  9 rats
201 creatures vanquished.

Vanquished Creatures (others)
  Joseph (D:8)
1 creature vanquished.

Grand Total: 202 creatures vanquished

Notes
Turn   | Place    | Note
-------+----------+-------------------------------------------
     0 | D:1      | teukkam the Minotaur Fighter began the quest for the Orb.
     0 | D:1      | Reached XP level 1. HP: 19/19 MP: 0/0
    34 | D:1      | Reached XP level 2. HP: 27/27 MP: 1/1
   342 | D:3      | Reached XP level 3. HP: 29/33 MP: 2/2
   345 | D:3      | Reached skill level 1 in Short Blades
   500 | D:4      | Noticed Duvessa
   500 | D:4      | Noticed Dowan
   503 | D:4      | Killed Dowan
   503 | D:4      | Reached XP level 4. HP: 41/41 MP: 3/3
   509 | D:4      | Killed Duvessa
   509 | D:4      | Reached XP level 5. HP: 32/47 MP: 4/4
   682 | D:4      | Reached skill level 5 in Fighting
   682 | D:4      | Reached skill level 5 in Armour
   682 | D:4      | Reached skill level 5 in Shields
   762 | D:4      | Reached XP level 6. HP: 52/56 MP: 5/5
   827 | D:5      | Entered Level 5 of the Dungeon
  1166 | D:6      | Found a glowing drain.
  1187 | Sewer    | Entered a sewer
  1639 | D:5      | Found Zin's Purification Station.
  1644 | D:5      | Found a glowing silver altar of Zin.
  1759 | D:4      | Reached XP level 7. HP: 60/62 MP: 6/6
  2264 | D:5      | Found a staircase to the Ecumenical Temple.
  2277 | Temple   | Entered the Ecumenical Temple
  2287 | Temple   | Became a worshipper of the Wu Jian Council
  2426 | D:3      | Found an ancient bone altar of Kikubaaqudgha.
  3331 | D:2      | Found a stormy altar of Qazlal.
  3364 | D:2      | Reached * piety under Wu Jian
  3438 | D:2      | Noticed Terence
  3441 | D:2      | Killed Terence
  3461 | D:2      | Found a deep blue altar of Sif Muna.
  4549 | D:5      | Reached XP level 8. HP: 71/71 MP: 7/7
  4706 | D:5      | Noticed Sigmund
  4716 | D:5      | Killed Sigmund
  4920 | D:5      | Found an opulent altar of Gozag.
  5155 | D:6      | Reached skill level 5 in Short Blades
  5223 | D:6      | Noticed Grinder
  5232 | D:6      | Paralysed by Grinder for 5 turns
  5239 | D:6      | Paralysed by Grinder for 6 turns
  5242 | D:6      | Killed Grinder
  5748 | D:7      | Reached ** piety under Wu Jian
  6325 | D:7      | Reached XP level 9. HP: 72/81 MP: 8/8
  6477 | D:7      | Found a sacrificial altar of Ru.
  6546 | D:8      | Noticed Joseph
  6572 | D:8      | Killed Joseph
  6751 | D:8      | Reached skill level 1 in Polearms
  6807 | D:8      | Learned a level 1 spell: Sting
  7166 | D:8      | Reached skill level 1 in Poison Magic
  7166 | D:8      | Reached skill level 1 in Evocations
  7304 | D:8      | Noticed a moth of wrath
  7307 | D:8      | Found a bloodstained altar of Trog.
  7345 | D:8      | Got an iridescent quarterstaff
  7352 | D:8      | Identified the cursed +0 quarterstaff of Tunet {elec, rPois
                  | MP+9 Dex-3} (You found it on level 8 of the Dungeon)
  7468 | D:8      | Reached *** piety under Wu Jian
  7779 | D:9      | Reached skill level 1 in Staves
  7781 | D:9      | Found an iron altar of Okawaru.
  7866 | D:9      | Got a coiled tin ring
  7868 | D:9      | Lost intelligence.
  7868 | D:9      | Identified the ring "Rif Gewe" {Ice rElec rN++ Str-2 Int-5}
                  | (You found it on level 9 of the Dungeon)
  7903 | D:9      | Gained mutation: You expend magic power (3 MP) to
                  | strengthen your wands. [potion of mutation]
  7903 | D:9      | Gained mutation: You can translocate small distances at
                  | will. [potion of mutation]
  7903 | D:9      | Gained mutation: You are covered in fur. (AC +1) [potion of
                  | mutation]
  7919 | D:9      | Found an opulent altar of Gozag.
  7933 | D:9      | Noticed a two-headed ogre
  7947 | D:9      | Slain by a two-headed ogre

Skill      XL: |  1  2  3  4  5  6  7  8  9 |
---------------+----------------------------+-----
Fighting       | 4 5 6 8 9 |  9.0
Armour         | 4 5 6 8 9 |  9.0
Shields        | 4 5 6 8 9 |  9.0
Short Blades   | 1 2 3 4 6 7 |  7.0
Polearms       | 1 |  1.3
Poison Magic   | 1 |  1.7
Evocations     | 2 |  2.1
Staves         | 1 |  1.7
Axes           | |  2.7

Action                   |  1- 3 |  4- 6 |  7- 9 || total
-------------------------+-------+-------+-------++-------
Melee: War axe           |     4 |       |       ||     4
       Short sword       |    36 |    96 |   177 ||   309
       Headbutt          |     3 |    19 |   106 ||   128
       Dagger            |       |       |   249 ||   249
       Quarterstaff      |       |       |    39 ||    39
Throw: Stone             |       |     4 |     5 ||     9
       Tomahawk          |       |       |    28 ||    28
 Cast: Sting             |       |       |     5 ||     5
Invok: Lunge             |       |       |    50 ||    50
       Whirlwind         |       |       |    92 ||    92
 Abil: Wall Jump         |       |       |     7 ||     7
Evoke: Wand              |       |       |     1 ||     1
  Use: Scroll            |     3 |     4 |     7 ||    14
       Potion            |     1 |       |     2 ||     3
  Eat: Ration            |       |     1 |     4 ||     5
       Chunk             |       |       |     6 ||     6
Armor: Scale mail        |    21 |    14 |       ||    35
       Chain mail        |       |    23 |   125 ||   148
       Robe              |       |       |     9 ||     9
Dodge: Dodged            |    17 |    22 |    85 ||   124
Block: Shield            |    25 |    43 |   180 ||   248
       Other             |       |       |    10 ||    10
       Reflection        |       |       |     7 ||     7
